 Dungeon Crawl Stone Soup version 0.25-a0-246-g58704a1ebd (webtiles) character file.

Game seed: 5728588663851892727, levelgen mode: classic

309 Borgoz the Covered (level 6, -4/39 HPs)
             Began as a Gargoyle Fighter on Dec 3, 2019.
             Was a Follower of Ashenzari.
             Killed by divine providence
             ... invoked by an orc priest
              (8 damage)
             ... on level 4 of the Dungeon.
             The game lasted 00:03:52 (2501 turns).

Borgoz the Covered (Gargoyle Fighter)               Turns: 2501, Time: 00:03:52

Health: -4/39      AC: 12    Str: 25    XL:     6   Next: 41%
Magic:  6/6        EV:  7    Int:  9    God:    Ashenzari [*.....]
Gold:   120        SH: 10    Dex: 10    Spells: 5/5 levels left

rFire    + . .     SeeInvis .   j - +2 whip (elec)
rCold    . . .     Gourm    .   c - +0 shield
rNeg     + . .     Faith    .   b - +1 scale mail
rPois    ∞         Spirit   .   (no helmet)
rElec    +         Reflect  .   (no cloak)
rCorr    .         Harm     .   (no gloves)
MR       .....                  (no boots)
Stlth    ..........             e - amulet of regeneration
HPRegen  0.53/turn              k - ring of protection from fire
MPRegen  0.10/turn              (no ring)

@: mighty
A: negative energy resistance 1, electricity resistance, unbreathing,
petrification resistance, rot immunity, AC +4
a: Curse Item, Scrying, Renounce Religion


You were on level 4 of the Dungeon.
You worshipped Ashenzari.
Ashenzari was aware of your devotion.
You were hungry.

You visited 1 branch of the dungeon, and saw 4 of its levels.

You collected 120 gold pieces.

Inventory:

Hand Weapons
 j - a +2 whip of electrocution (weapon)
Armour
 b - a +1 scale mail (worn)
 c - a +0 shield (worn)
Jewellery
 e - an amulet of regeneration (around neck)
 i - an uncursed amulet of the gourmand
 k - a ring of protection from fire (left hand)
Scrolls
 a - a scroll of magic mapping
 o - a scroll of remove curse
Potions
 l - 2 potions of mutation
Comestibles
 f - 8 rations
 m - 12 chunks of flesh


   Skills:
 * Level 4.7 Fighting
 * Level 3.6 Maces & Flails
 * Level 4.7 Armour
 * Level 4.7 Shields


You had 5 spell levels left.
You didn't know any spells.
Your spell library was empty.

Dungeon Overview and Level Annotations

Branches:
Dungeon (4/15)
 Temple: D:4-7

Altars:
Ashenzari


Innate Abilities, Weirdness & Mutations

You are resistant to torment.
Your stone body is resilient. (AC +4)
You are immune to poison.
You resist negative energy. (rN+)
You are resistant to electric shocks. (rElec)
You can survive without breathing.
You are immune to petrification.
You are immune to rotting.


Message History

You are too injured to fight recklessly!
You are too injured to fight recklessly!
You are too injured to fight recklessly!
You hit the orc priest.
The orc priest is almost dead.
The orc priest mumbles some strange prayers to Beogh against you.
Beogh smites you!
* * * LOW HITPOINT WARNING * * *
The orc priest miscasts a cantrip.
You feel very mighty all of a sudden.
The orc priest hits you with a +0 flail.
* * * LOW HITPOINT WARNING * * *
You hit the orc priest.
You kill the orc priest!
There is a stone staircase leading down here.
The orc wizard points at you and mumbles some strange words.
The puff of flame misses you.
The orc priest mumbles some strange prayers to Beogh against you.
Beogh smites you!
You die...

... #.# #.# .######.#
.....$..# #.# #########
#.# ........## #.#
######.#.#######@######
###.###........oo...#
#....#.#######.##o....#
###.###.## #...# #.#.#
........# #...).. ..
........# ##...#.# #
.##.###.# ##.##...
.##.# #.# #.# ### #.
.##.# #.# #.# #.


You could see an orc priest, an orc wizard and an orc.

Vanquished Creatures
  2 orc priests
  A hound (D:4)
  2 orc wizards (D:4)
  A worker ant (D:4)
  5 adders
  2 worms (D:2)
  3 dart slugs
  2 leopard geckos
  4 orcs
  10 bats
  7 giant cockroaches
  9 goblins
  4 hobgoblins
  10 jackals
  A quokka (D:4)
  4 frilled lizards
  6 kobolds
  7 rats
80 creatures vanquished.

Vanquished Creatures (others)
  2 plants (D:2)
2 creatures vanquished.

Grand Total: 82 creatures vanquished

Notes
Turn   | Place    | Note
-------+----------+-------------------------------------------
     0 | D:1      | Borgoz the Gargoyle Fighter began the quest for the Orb.
     0 | D:1      | Reached XP level 1. HP: 14/14 MP: 1/1
    59 | D:1      | Reached XP level 2. HP: 19/19 MP: 2/2
   558 | D:1      | Reached XP level 3. HP: 23/23 MP: 3/3
   848 | D:2      | Reached XP level 4. HP: 28/29 MP: 4/4
   935 | D:2      | Found a shattered altar of Ashenzari.
   939 | D:2      | Saw a vision of the Swamp and the Snake Pit.
   939 | D:2      | Noticed an anaconda
   939 | D:2      | Noticed a black mamba
   939 | D:2      | Noticed a naga
   939 | D:2      | Noticed an anaconda
   939 | D:2      | Noticed a naga warrior
   939 | D:2      | Noticed a black mamba
   939 | D:2      | Noticed a naga
   939 | D:2      | Noticed a naga mage
   939 | D:2      | Noticed an alligator
   939 | D:2      | Noticed a water moccasin
   939 | D:2      | Noticed a water moccasin
   939 | D:2      | Noticed a water moccasin
   939 | D:2      | Noticed a bullfrog
   939 | D:2      | Noticed an alligator
   939 | D:2      | Noticed an alligator
   940 | D:2      | Noticed a salamander
   940 | D:2      | Noticed a naga mage
   943 | D:2      | Became a worshipper of Ashenzari the Shackled
  1447 | D:3      | Reached XP level 5. HP: 33/33 MP: 5/5
  1951 | D:3      | Found a faded altar of an unknown god.
  2235 | D:4      | Reached * piety under Ashenzari
  2258 | D:4      | HP: 1/33 [orc priest/+0 flail (1)]
  2407 | D:4      | Reached XP level 6. HP: 31/39 MP: 6/6
  2501 | D:4      | Killed from afar by an orc priest

Levels and vault maps discovered:
D:1:      giann_horns, layout_basic
D:2:      layout_loops_cross, grunt_ashenzari_visionary
          [grunt_ashenzari_visionary_swamp, grunt_ashenzari_visionary_snake]
D:3:      layout_basic, chequers_ecumenical_altar_simple, first_ration,
          minivault_24, roderic_lattice_a
D:4:      layout_loops_corners, trog_book, uniq_robin

Skill      XL: |  1  2  3  4  5 |
---------------+----------------+-----
Armour         | 4 |  4.7
Shields        | 4 |  4.7
Fighting       | 4 |  4.7
Maces & Flails | 3 |  3.6

Action                   |  1- 3 |  4- 6 || total
-------------------------+-------+-------++-------
Melee: Flail             |    62 |       ||    62
       Whip              |    93 |   154 ||   247
  Use: Scroll            |       |     6 ||     6
       Potion            |       |     3 ||     3
  Eat: Chunk             |       |     5 ||     5
Armor: Scale mail        |   112 |    71 ||   183
Dodge: Dodged            |    48 |    34 ||    82
Block: Shield            |    99 |    81 ||   180

Table legend:
 A = Non-vault XP
 B = Vault XP
 C = Vault XP percentage of total XP
 D = Non-vault monster count
 E = Vault monster count
 F = Vault count percentage of total count
                 A         B        C        D         E       F
            +---------+---------+-------+---------+---------+-------
      Total |     442 |       0 |   0.0 |      80 |       0 |   0.0
            +---------+---------+-------+---------+---------+-------
        D:1 |      47 |       0 |   0.0 |      27 |       0 |   0.0
        D:2 |     110 |       0 |   0.0 |      30 |       0 |   0.0
        D:3 |      78 |       0 |   0.0 |      13 |       0 |   0.0
        D:4 |     207 |       0 |   0.0 |      10 |       0 |   0.0
            +---------+---------+-------+---------+---------+-------
